 Dungeon Crawl Stone Soup version 0.27-a0-1196-g3e9cee4cb2 (webtiles) character file.

Game seed: 8281027104153591038

879 polve the Basher (level 7, -1/78 HPs)
             Began as a Demonspawn Berserker on May 29, 2021.
             Was a Priest of Trog.
             Slain by a shadow (9 damage)
             ... summoned by a vampire mage
             ... on level 1 of the Abyss.
             The game lasted 00:04:28 (5335 turns).

polve the Basher (Demonspawn Berserker)             Turns: 5335, Time: 00:04:28

Health: -1/78      AC: 27    Str: 19    XL:     7   Next: 75%
Magic:  7/7        EV:  2    Int:  9    God:    Trog [***...]
Gold:   146        SH:  4    Dex: 12    Spells: 6/6 levels left

rFire    . . .     SeeInvis .   n - +0 flail
rCold    . . .     Faith    +   (no shield)
rNeg     + + +     Spirit   .   (armour currently unavailable)
rPois    +         Reflect  .   (helmet currently unavailable)
rElec    .         Harm     .   (cloak currently unavailable)
rCorr    .         Rampage  .   (gloves currently unavailable)
Will     .....     NoTele   +   (boots currently unavailable)
Stlth    +.........             s - amulet of faith
HPRegen  0.23/turn              (no ring)
MPRegen  0.10/turn              (no ring)

@: mighty, tree-form, on berserk cooldown, slowed, very slow
A: stationary, stasis, torment immunity, boosted hp, icemail 1, powered by death
1, condensation shield
a: Renounce Religion, Berserk, Trog's Hand


You were on level 1 of the Abyss.
You worshipped Trog.
Trog was most pleased with you.
You were a tree.
You visited 1 branch of the dungeon, and saw 4 of its levels.
You visited the Abyss 1 time.

You collected 146 gold pieces.

Inventory:

Hand Weapons
 a - a +0 mace
 n - a +0 flail (weapon)
Armour
 b - a +0 animal skin
 f - a +0 pair of boots (melded)
 m - a +0 ring mail (melded)
 p - a +0 helmet (melded)
 y - a +0 kite shield
Jewellery
 s - an amulet of faith (around neck)
Scrolls
 c - 5 scrolls of identify {unknown}
 g - 2 scrolls of fear {unknown}
 h - a scroll of silence {unknown}
 k - a scroll of teleportation {unknown}
 l - a scroll of fog {unknown}
 o - a scroll of torment {unknown}
 q - a scroll of acquirement {unknown}
 t - a scroll of brand weapon {unknown}
 v - a scroll of enchant weapon {unknown}
Potions
 i - 2 potions of curing
 j - a potion of brilliance {unknown}
 r - 2 potions of heal wounds {unknown}
 u - 2 potions of magic {unknown}
 w - 2 potions of invisibility {unknown}
 x - a potion of mutation {unknown}


   Skills:
 - Level 3.0 Fighting
 + Level 8.6 Maces & Flails
 - Level 1.7 Armour
 - Level 1.7 Dodging


You had 6 spell levels left.
You didn't know any spells.
Your spell library was empty.

Dungeon Overview and Level Annotations

Branches:
Dungeon (4/15)
 Temple: D:4-7

Altars:
Dithmenos
Sif Muna
Lugonu

Portals:
Abyss: D:4

Annotations:
D:4 Blork the orc


Innate Abilities, Weirdness & Mutations

You are a tree.
Your roots penetrate the ground, keeping you stationary.
You cannot be teleported.
You are immune to unholy pain and torment.
Your maximum health is greatly increased.
Your equipment is partially melded.
A meltable icy envelope protects you from harm. (AC +4)
You regenerate a little health from kills.
A meltable shield of frost defends you. (SH +4)


Message History

Your +0 helmet melds into your body.
Your +0 pair of boots melds into your body.
Your +0 ring mail melds into your body.
Your roots penetrate the ground.
The vampire mage hits you but does no damage.
The vampire mage bites you but does no damage.
You sock the vampire mage!
The vampire mage is moderately damaged.
The vampire mage hits you but does no damage.
You block the vampire mage's attack. The vampire mage hits you.
The vampire mage bites you but does no damage.
The wight hits you but does no damage.
You thump the vampire mage!
The vampire mage is heavily damaged.
The vampire mage hits you but does no damage.
The vampire mage bites you but does no damage.
The wight hits you with a +2 battleaxe of freezing.
* * * LOW HITPOINT WARNING * * *
The wight freezes you.
* * * LOW HITPOINT WARNING * * *
The iron dragon skeleton bites you but does no damage.
The iron dragon skeleton claws you but does no damage.
The iron dragon skeleton tramples you but does no damage.
You hit the vampire mage.
The vampire mage is severely damaged.
The vampire mage mumbles some strange words.
The wight hits you but does no damage.
The iron dragon skeleton bites you but does no damage.
The iron dragon skeleton claws you but does no damage.
The iron dragon skeleton tramples you.
* * * LOW HITPOINT WARNING * * *
The vampire mage hits you but does no damage.
The vampire mage bites you but does no damage.
You hit the vampire mage.
The vampire mage is severely damaged.
The wight hits you with a +2 battleaxe of freezing!
* * * LOW HITPOINT WARNING * * *
The wight freezes you.
* * * LOW HITPOINT WARNING * * *
The shadow hits you!
You die...

. ........ ..#.. ...
#....... ..'.. . .
#......# ..#. ...
..#...# .
....####..#..## ...
....#.........# ....
...# .... ..###.. .
......#'###.#..Z...#
...'.' #......♣z.[.#
.##.#..###...WZV.#..#
#. .. #.......#
.......!##...#.#
#.......#.......#.#
........#...(##.####
# ....#...#... .#
.....#.....


You could see a vampire mage, a spectral tengu (summoned), a shadow (summoned),
a wight (summoned) and an iron dragon skeleton (summoned).

Vanquished Creatures
  A black bear (D:4)
  An ogre (D:4)
  A centaur (D:4)
  2 scorpions (D:4)
  4 orc priests
  2 hounds (D:4)
  A bullfrog skeleton (D:4)
  Terence (D:3)
  An iguana (D:4)
  Natasha (twice) (D:4)
  A centaur skeleton (D:4)
  3 orc wizards
  An adder (D:2)
  A gnoll (D:1)
  An ufetubus (D:3)
  2 dart slugs
  19 orcs
  3 endoplasms
  2 giant cockroaches
  5 goblins
  8 hobgoblins
  5 jackals
  2 quokkas
  6 ball pythons
  7 bats
  2 frilled lizards
  8 kobolds
  7 rats
99 creatures vanquished.

Notes
Turn   | Place    | Note
-------+----------+-------------------------------------------
     0 | D:1      | polve the Demonspawn Berserker began the quest for the Orb.
     0 | D:1      | Reached XP level 1. HP: 18/18 MP: 1/1
    92 | D:1      | Reached skill level 3 in Maces & Flails
   153 | D:1      | Gained mutation: You regenerate a little health from kills.
                  | [demonic ancestry]
   153 | D:1      | Reached XP level 2. HP: 9/24 MP: 2/2
   543 | D:1      | Found a faded altar of an unknown god.
   993 | D:2      | Gained mutation: A meltable shield of frost defends you.
                  | (SH +4) [demonic ancestry]
   993 | D:2      | Reached XP level 3. HP: 28/29 MP: 3/3
  1025 | D:2      | Reached skill level 4 in Maces & Flails
  1145 | D:2      | Reached ** piety under Trog
  2269 | D:3      | Gained mutation: A meltable icy envelope protects you from
                  | harm. (AC +4) [demonic ancestry]
  2269 | D:3      | Reached XP level 4. HP: 7/35 MP: 4/4
  2553 | D:3      | Noticed Terence
  2565 | D:3      | Killed Terence
  2652 | D:3      | Reached skill level 5 in Maces & Flails
  2809 | D:3      | Reached XP level 5. HP: 40/41 MP: 5/5
  3151 | D:3      | Found a shadowy altar of Dithmenos.
  3257 | D:3      | Reached skill level 6 in Maces & Flails
  3528 | D:4      | Found a one-way gate to the infinite horrors of the Abyss.
  3534 | D:4      | Reached XP level 6. HP: 47/47 MP: 6/6
  3794 | D:4      | Reached skill level 7 in Maces & Flails
  3945 | D:4      | Reached *** piety under Trog
  4031 | D:4      | Found a large runed translucent door.
  4031 | D:4      | Found a large runed translucent door.
  4035 | D:4      | Found a corrupted altar of Lugonu.
  4052 | D:4      | Noticed Natasha
  4075 | D:4      | Reached XP level 7. HP: 51/52 MP: 7/7
  4078 | D:4      | Killed Natasha
  4141 | D:4      | Reached skill level 8 in Maces & Flails
  4455 | D:4      | Noticed Blork the orc
  4477 | D:4      | Found a shimmering blue altar of Sif Muna.
  5126 | D:4      | Noticed Natasha
  5139 | D:4      | Killed Natasha
  5314 | D:4      | Cast into level 1 of the Abyss (kobold)
  5320 | Abyss:1  | Noticed a vampire mage
  5335 | Abyss:1  | Noticed a shadow
  5335 | Abyss:1  | Slain by a shadow

Illustrated notes

Levels and vault maps discovered:
D:1:      heliophobic_arrival_battle_scene, layout_rooms, basic_ecumenical_altar
D:2:      layout_loops_cross, kennysheep_nondescript, serial_park_tiny_1
D:3:      layout_loops_ring, nicolae_dithmenos_through_a_glass_darkly,
          kennysheep_generic_room_13, uniq_terence
D:4:      due_chaos_kobolds, layout_gridville, tgw_sif, st_stairs_14,
          uniq_natasha
Abyss:1:  base:
D:3

Skill      XL: |  1  2  3  4  5  6  7 |
---------------+----------------------+-----
Maces & Flails | 3 4 5 6 7 8 |  8.6
Fighting       | |  3.0
Armour         | |  1.7
Dodging        | |  1.7

Action                   |  1- 3 |  4- 6 |  7- 9 || total
-------------------------+-------+-------+-------++-------
Melee: Mace              |   143 |    19 |       ||   162
       Flail             |       |    83 |   101 ||   184
Invok: Berserk           |     2 |     4 |     3 ||     9
  Use: Potion            |       |       |     3 ||     3
 Stab: Sleeping          |     2 |       |       ||     2
Armor: Animal skin       |    27 |     1 |       ||    28
       Ring mail         |       |    34 |    23 ||    57
       Skin              |       |       |    15 ||    15
Dodge: Dodged            |   135 |    68 |    57 ||   260
Block: Other             |    20 |    26 |    19 ||    65

Table legend: (Time is in decaauts)
 A = Elapsed time spent in this place.
 B = Non-inter-level travel time spent in this place.
 C = Inter-level travel time spent in this place.
 D = Time resting spent in this place.
 E = Time spent auto-exploring this place.
 F = Levels seen in this place.
 G = Mean time per level.
                   A        B        C        D        E       F      G
               +--------+--------+--------+--------+--------+-----+--------+
         Total |   5461 |   5318 |    143 |    186 |   4360 |   5 | 1092.2 |
       Dungeon |   5435 |   5292 |    143 |    186 |   4360 |   4 | 1358.8 |
         Abyss |     26 |     26 |      0 |      0 |      0 |   1 |   26.0 |
               +--------+--------+--------+--------+--------+-----+--------+

Top non-repeatable levels by time:
     D:4: 1867 daAuts
     D:3: 1321 daAuts
     D:2: 1246 daAuts
     D:1: 999 daAuts
 Abyss:1: 26 daAuts
